 Dungeon Crawl Stone Soup version 0.32-a0-306-gfed3edf829 (webtiles) character file.

Game seed: 15536519494916936029

66 pokeman the Magician (level 3, -1/20 HPs)
             Began as a Deep Elf Hedge Wizard on Feb 14, 2024.
             Killed by nerve-wracking pain
             ... invoked by Grinder
              (9 damage)
             ... on level 3 of the Dungeon.
             The game lasted 00:02:03 (1950 turns).

pokeman the Magician (Deep Elf Hedge Wizard)        Turns: 1950, Time: 00:02:04

Health: -1/20      AC:  2    Str:  7    XL:     3   Next: 96%
Magic:  5/11       EV: 12    Int: 20    God:
Gold:   134        SH:  0    Dex: 14    Spells: 4/12 levels left

rFire   . . .        j - +1 whip (elec)
rCold   . . .        (no shield)
rNeg    . . .        b - +0 robe
rPois   .            c - +0 hat
rElec   .            (no cloak)
rCorr   .            (no gloves)
SInv    .            (no boots)
Will    .....        (no amulet)
Stlth   ++           (no ring)
HPRegen 0.23/turn    (no ring)
MPRegen 0.12/turn

%: no passive effects
@: no status effects
A: no striking features
a: no special abilities


You were on level 3 of the Dungeon.
You visited 1 branch of the dungeon, and saw 3 of its levels.

You collected 134 gold pieces.

Inventory:

Hand Weapons
 j - a +1 whip of electrocution (weapon)
Armour
 b - a +0 robe (worn)
 c - a +0 hat (worn)
Scrolls
 g - a scroll of amnesia {unknown}
 l - a scroll of butterflies {unknown}
 m - a scroll of blinking {unknown}
 n - a scroll of identify {unknown}
Potions
 a - a potion of berserk rage {unknown}
 d - a potion of magic
 e - a potion of curing {unknown}
 f - a potion of enlightenment {unknown}
 h - a potion of degeneration {unknown}
 i - a potion of brilliance {unknown}
 k - 2 potions of might {unknown}
 o - a potion of haste {unknown}
 p - a potion of mutation {unknown}


   Skills:
 - Level 1.0 Fighting
 - Level 1.0 Armour
 + Level 2.5 Dodging
 + Level 2.5 Stealth
 * Level 5.4 Spellcasting
 + Level 2.1 Conjurations
 - Level 1.1 Summonings
 - Level 1.1 Translocations


You had 4 spell levels left.
You knew the following spells:

 Your Spells              Type           Power      Damage    Failure   Level
a - Magic Dart            Conj           52%        1d5       4%          1
b - Mephitic Cloud        Conj/Alch/Air  8%         N/A       26%         3
c - Call Imp              Summ           18%        N/A       11%         2
d - Blink                 Tloc           18%        N/A       11%         2

Your spell library contained the following spells:

 Spells                   Type           Power      Damage    Failure   Level
 Slow                     Hex            20%        N/A       11%         1
 Lesser Beckoning         Tloc           18%        N/A       11%         2
 Cigotuvi's Dreadful Rot  Necr/Alch/Air  10%        N/A       17%         2
 Ensorcelled Hibernation  Hex/Ice        10%        N/A       17%         2
 Dazzling Flash           Conj/Hex       18%        N/A       22%         3
 Gell's Gravitas          Tloc           9%         N/A       22%         3
 Teleport Other           Tloc           9%         N/A       22%         3
 Passwall                 Erth           5%         N/A       32%         3
 Swiftness                Air            5%         N/A       32%         3
 Curse of Agony           Necr           5%         N/A       97%         5
 Silence                  Hex/Air        2%         N/A       97%         5


Dungeon Overview and Level Annotations

Branches:
Dungeon (3/15)

Altars:

Annotations:
D:3 Grinder


Message History

Aim: Grinder (moderately wounded, 100% to hit)
The magic dart hits Grinder.
Grinder is moderately wounded.
Casting: Magic Dart (safe; 4% risk of failure)
Confirm with . or Enter, or press ? or * to list all spells.
Aiming: Magic Dart (safe; 4% risk of failure)
Press: ? - help, Shift-Dir - straight line, f/p - Grinder
Aim: Grinder (moderately wounded, 100% to hit)
The magic dart hits Grinder.
Grinder is moderately wounded.
Grinder gestures at you. Pain shoots through your body!
Casting: Magic Dart (safe; 4% risk of failure)
Confirm with . or Enter, or press ? or * to list all spells.
A tiny devil pulls itself out of the air.
Grinder blinks!
Unknown command.
You swap places.
Your cerulean imp hits Grinder with a -4 spear.
Grinder gestures at you.
You suddenly lose the ability to move!
Your cerulean imp barely misses Grinder.
Grinder hits you.
* * * LOW HITPOINT WARNING * * *
You can move again.
Your cerulean imp barely misses Grinder.
Grinder says, "DUCK!"
Grinder hits your cerulean imp.
Unknown command.
Your cerulean imp hits Grinder with a -4 spear.
Grinder gestures at you.
Your cerulean imp resists with some effort.
Your cerulean imp closely misses Grinder.
Grinder hits your cerulean imp but does no damage.
Your cerulean imp hits Grinder but does no damage.
Grinder blinks!
Grinder gestures at you. Pain shoots through your body!
You die...
Grinder sighs, "Dead already?
I want a refund."

# .# .####### .#
.......#####.#####
#.5.........# #.
#@###...###. #.
#.###.#.# #.
##.##....###.
####.#####5..5........#
#.........#.#.....#####
#.......##.#.#.#.#
##.....###.......#
##...## ###.#.....
###'##### #.######


You could see Grinder (ally target) and a friendly cerulean imp (summoned).

Vanquished Creatures
  An adder (D:2)
  4 endoplasms
  3 giant cockroaches
  7 goblins
  2 hobgoblins
  4 kobolds
  A quokka (D:1)
  2 ball pythons (D:1)
  5 bats
  A frilled lizard (D:1)
  A rat (D:1)
31 creatures vanquished.

Notes
Turn   | Place    | Note
-------+----------+-------------------------------------------
     0 | D:1      | pokeman the Deep Elf Hedge Wizard began the quest for the
                  | Orb.
     0 | D:1      | Reached XP level 1. HP: 10/10 MP: 7/7
   194 | D:1      | Reached XP level 2. HP: 16/16 MP: 6/9
   658 | D:1      | Reached skill level 5 in Spellcasting
   762 | D:1      | Reached XP level 3. HP: 20/20 MP: 6/11
   766 | D:1      | Learned a level 3 spell: Mephitic Cloud
   769 | D:1      | Learned a level 2 spell: Call Imp
   772 | D:1      | Learned a level 2 spell: Blink
  1207 | D:2      | Reached skill level 1 in Armour
  1213 | D:2      | Reached skill level 1 in Fighting
  1925 | D:3      | Noticed Grinder
  1925 | D:3      | Paralysed by Grinder for 5 turns
  1933 | D:3      | Paralysed by Grinder for 2 turns
  1939 | D:3      | Paralysed by Grinder for 2 turns
  1950 | D:3      | Killed from afar by Grinder

Illustrated notes

Levels and vault maps discovered:
D:1:      mushboom_english_gardens, layout_basic
D:2:      layout_basic
D:3:      minmay_skewed_foursquare, layout_loops_corners,
          nicolae_overflow_crystal_walls, amcnicky_altar_gilded,
          gammafunk_temple_overflow_wave, shapermc_ecumenical_altar_flowoftime,
          nicolae_the_louvre, uniq_grinder, uniq_ijyb

Skill      XL: |  1  2  3 |
---------------+----------+-----
Spellcasting   | 5 |  5.4
Armour         | 1 |  1.0
Fighting       | 1 |  1.0
Conjurations   | 2 |  2.1
Dodging        | |  2.5
Stealth        | |  2.5
Summonings     | |  1.1
Translocations | |  1.1

Action                     || total
---------------------------++-------
   Cast: Magic Dart        ||    84
         Call Imp          ||     1
 Armour: Robe              ||     5
  Dodge: Dodged            ||     5

Table legend: (Time is in decaauts)
 A = Elapsed time spent in this place.
 B = Non-inter-level travel time spent in this place.
 C = Inter-level travel time spent in this place.
 D = Time resting spent in this place.
 E = Time spent auto-exploring this place.
 F = Levels seen in this place.
 G = Mean time per level.
                   A        B        C        D        E       F      G
               +--------+--------+--------+--------+--------+-----+--------+
         Total |   1949 |   1921 |     28 |      0 |   1733 |   3 |  649.7 |
       Dungeon |   1949 |   1921 |     28 |      0 |   1733 |   3 |  649.7 |
               +--------+--------+--------+--------+--------+-----+--------+

Top non-repeatable levels by time:
     D:1: 948 daAuts
     D:2: 925 daAuts
     D:3: 74 daAuts
